 Dungeon Crawl Stone Soup version 0.21-a0-414-gba8bdf1 (webtiles) character file.

1642175 Mathinus the Conqueror (level 27, 273/273 HPs)
             Began as a Minotaur Fighter on Oct 28, 2017.
             Was the Champion of Okawaru.
             Escaped with the Orb
             ... and 3 runes on Nov 2, 2017!
             The game lasted 07:10:57 (77310 turns).

Mathinus the Conqueror (Minotaur Fighter)          Turns: 77310, Time: 07:10:57

Health: 273/273    AC: 48    Str: 25    XL:     27
Magic:  42/42      EV: 17    Int:  5    God:    Okawaru [******]
Gold:   10155      SH: 20    Dex: 22    Spells: 26/26 levels left

rFire    + + +     SeeInvis .   b - +10 morningstar "Eos" {elec, Halo rElec}
rCold    + + .     Gourm    .   O - +2 shield of Resistance {rF+ rC+ MR+}
rNeg     + + +     Faith    .   J - +9 crystal plate armour of Ogri Ahohe {rCorr}
rPois    +         Spirit   .   C - +2 hat {MR+}
rElec    +         Reflect  .   G - scarf {rC+ rF+}
rCorr    +         Harm     .   z - +1 pair of gloves "Gadim" {rN+}
MR       +++++     Rnd*Rage +   y - +2 pair of boots of Fashionability {rPois rN+ Int+3}
Stlth    ..........             N - amulet of the Komodo Dragon {+Rage rC- MR++}
HPRegen  0.55/turn              F - ring of the Sun {rF+ rC+ Dex+3 Stlth+}
MPRegen  0.28/turn              W - ring of Deedeff {rN+ MR- MP+9 Str+2 Dex+3}

@: hasted, glowing, very quick
A: retaliatory headbutt, horns 2, berserk 2, clumsy 1, dopey 2, weak 1, subdued
magic 1
0: Orb of Zot
}: 3/15 runes: barnacled, silver, gossamer
a: Heroism, Finesse, Renounce Religion, Evoke Berserk Rage


You escaped.
You worshipped Okawaru.
Okawaru was exalted by your worship.
You were very full.

You visited 10 branches of the dungeon, and saw 50 of its levels.
You visited the Abyss 3 times.
You also visited: Trove, Ice Cave and Volcano.

You collected 10181 gold pieces.
You spent 26 gold pieces at shops.

Inventory:

Hand Weapons
 a - the +9 morningstar of Outrage {freeze, rF++ MP+9 Str+2 Int-2}
   (You found it on level 13 of the Dungeon)

   It has been specially enchanted to freeze those struck by it, causing extra
   injury to most foes and up to half again as much damage against particularly
   susceptible opponents.
   It can also slow down cold-blooded creatures.
   It affects your strength (+2).
   It affects your intelligence (-2).
   It greatly protects you from fire.
   It affects your magic capacity (+9).
 b - the +10 morningstar "Eos" (weapon) {elec, Halo rElec}
   (You found it on level 3 of the Lair of Beasts)

   Occasionally, upon striking a foe, it will discharge some electrical energy
   and cause terrible harm.
   It insulates you from electricity.
 w - the +7 great mace "Firestarter" {inner flame, rF++}
   (You found it on level 10 of the Dungeon)

   It has been specially enchanted to burn those struck by it, causing extra
   injury to most foes and up to half again as much damage against particularly
   susceptible opponents.
   It greatly protects you from fire.
 I - the +11 hand axe of Kyuts {chop, rF- rN+++}
   (Okawaru gifted it to you on level 4 of the Realm of Zot)

   It inflicts extra damage upon your enemies.
   It makes you vulnerable to fire.
   It renders you almost immune to negative energy.
Missiles
 p - 12 throwing nets (quivered)
Armour
 y - the +2 pair of boots of Fashionability (worn) {rPois rN+ Int+3}
   (You found it on level 14 of the Dungeon)

   It affects your intelligence (+3).
   It protects you from poison.
   It protects you from negative energy.
 z - the +1 pair of gloves "Gadim" (worn) {rN+}
   (You acquired it on level 4 of the Realm of Zot)

   It protects you from negative energy.
 B - the +2 pair of gloves of the Loofah {rElec rC+ Dex+2 Slay+3}
   (You acquired it on level 2 of the Elven Halls)

   It affects your dexterity (+2).
   It affects your accuracy and damage with ranged weapons and melee attacks
   (+3).
   It protects you from cold.
   It insulates you from electricity.
 C - a +2 hat of magic resistance (worn)
 G - a scarf of resistance (worn)
 J - the +9 crystal plate armour of Ogri Ahohe (worn) {rCorr}
   (Okawaru gifted it to you on level 13 of the Dungeon)

   It protects you from acid and corrosion.
 O - the +2 shield of Resistance (worn) {rF+ rC+ MR+}
   (You found it on level 2 of the Depths)

   It protects you from fire.
   It protects you from cold.
   It affects your resistance to hostile enchantments.
 P - a +2 cloak of invisibility
 R - a +2 pair of boots of flying
 Y - a +4 large shield
Jewellery
 t - a +5 ring of strength
 D - a +3 amulet of reflection
 F - the ring of the Sun (left hand) {rF+ rC+ Dex+3 Stlth+}
   (You found it on level 3 of the Elven Halls)

   [ring of protection from cold]

   It affects your dexterity (+3).
   It protects you from fire.
   It protects you from cold.
   It makes you more stealthy.
 N - the amulet of the Komodo Dragon (around neck) {+Rage rC- MR++}
   (You acquired it on level 2 of the Vaults)

   [amulet of rage]

   It makes you vulnerable to cold.
   It affects your resistance to hostile enchantments.
   It lets you go berserk.
 W - the ring of Deedeff (right hand) {rN+ MR- MP+9 Str+2 Dex+3}
   (You found it on level 5 of the Vaults)

   [ring of magical power]

   It affects your strength (+2).
   It affects your dexterity (+3).
   It protects you from negative energy.
   It affects your resistance to hostile enchantments.
   It affects your magic capacity (+9).
Wands
 c - a wand of digging (20/24)
 H - a wand of paralysis (23/24)
Scrolls
 d - 6 scrolls of magic mapping
 e - 22 scrolls of remove curse {@r2}
 h - 5 scrolls of immolation
 j - 2 scrolls of teleportation
 s - 15 scrolls of identify {@r1}
 v - 5 scrolls of fog
 x - 7 scrolls of blinking
 E - 2 scrolls of silence
 K - 3 scrolls of fear
 U - 2 scrolls of holy word
 X - 4 scrolls of recharging
Potions
 g - 17 potions of curing {@q1}
 i - 8 potions of agility
 k - 4 potions of haste
 l - 7 potions of cancellation
 n - 6 potions of might
 q - 4 potions of heal wounds
 r - 6 potions of berserk rage
 u - a potion of flight
 A - 4 potions of resistance
 V - a potion of invisibility
Comestibles
 f - 21 bread rations
 o - 25 meat rations
 Q - 11 royal jellies
 S - 71 fruits


   Skills:
 O Level 27 Fighting
 - Level 15.6(21.5) Axes
 + Level 24.0(25.3) Maces & Flails
   Level 7.6 Crossbows
 + Level 25.3 Armour
 + Level 14.6 Dodging
 + Level 22.9 Shields
 - Level 15.0 Invocations
 - Level 6.9 Evocations


You had 26 spell levels left.
You didn't know any spells.

Dungeon Overview and Level Annotations

Branches:
Dungeon (15/15)            Temple (1/1) D:7            Lair (6/6) D:11
 Shoals (4/4) Lair:4       Spider (4/4) Lair:2        Slime (0/5) Lair:6
    Orc (2/2) D:9             Elf (3/3) Orc:2        Vaults (5/5) D:13
  Crypt (0/3) Vaults:3     Depths (5/5) D:15            Zot (5/5) Depths:5

Altars:
Ashenzari
Cheibriados
Dithmenos
Elyvilon
Fedhas
Gozag
Hepliaklqana
Kikubaaqudgha
Makhleb
Nemelex Xobeh
Okawaru
Qazlal
Ru
Sif Muna
Trog
Uskayaw
Vehumet
Wu Jian
Xom
Yredelemnul
Zin
The Shining One
Beogh
Jiyva

Shops:
D:10 [   D:11 ?   D:13 %   Orc:1 !   Orc:2 }(!!   Elf:1 }==   Elf:3 [
Shoals:2 *   Vaults:1 (   Vaults:2 ([(   Depths:3 ((%

Portals:
Hell: Depths:1 Depths:2 Depths:3 Depths:4 Depths:5
Abyss: Depths:3 Depths:4
Pandemonium: Depths:3
Ziggurat: Depths:3

Annotations:
Depths:3 2 transporters, exclusion: orange crystal statue
Depths:4 1 runed door


Innate Abilities, Weirdness & Mutations

You reflexively headbutt those who attack you in melee.
You have a pair of horns on your head.
You often lose your temper in combat.
You are clumsy. (Dex -2)
You are very dopey. (Int -4)
You are weak. (Str -2)
Your spells are a little easier to cast, but a little less powerful.


Message History

An Orb Guardian comes into view.
You pound the sixfirhy like an anvil!!!
You kill the sixfirhy!
Okawaru accepts your kill. You block the ice devil's attack.
You impale the ice devil!! You headbutt the ice devil!
The ice devil is almost dead.
You bludgeon the ice devil!!
You kill the ice devil!
Okawaru accepts your kill.
You skewer the Orb Guardian like a kebab!!!
Lightning courses through the Orb Guardian!
You headbutt the Orb Guardian!!
The Orb Guardian is almost dead.
You stick the Orb Guardian like a pincushion!!!
You kill the Orb Guardian!
Okawaru accepts your kill.
There is a staircase leading out of the dungeon here.
You can't go down here!
You have escaped!

#.#..........##.................
#.#..##.##.#.#...######.###.#...
##.#............#..## #.###.....
...............#.#..####..(......
##.#.###......#...#.......####...
#.### #.#####.....#####..# #...
#.# #..#...........#...# ###' #.#
##...#.........#....# #. #.#
#....#....@....#..### #. #.#
#...#...........#..######## #.#
##..#####.....#####......... #.#
#........#...#.............. #.#
#.####....#.#......#........ #.#
#.# #..#..#..#..#.#........ #.#
#.# #..##...##..#.#........ #.#
#.# #.....####..#.#........ #.#
#.# #......# #..#.#........


There were no monsters in sight!

Vanquished Creatures
  4 orbs of fire (Zot:5)
  A juggernaut (Depths:5)
  10 ancient liches
  Frederick (Vaults:3)
  3 Killer Klowns (Zot:5)
  15 golden dragons
  3 pandemonium lords
  2 bone dragons
  Nikola (Spider:1)
  A Tzitzimitl (Zot:1)
  Jory (Vaults:3)
  3 electric golems
  2 liches
  29 Orb Guardians
  13 tentacled monstrosities
  An Ice Fiend (IceCv)
  8 titans
  Asterion (Spider:1)
  3 deep elf blademasters
  5 quicksilver dragons
  2 deep elf master archers (Elf:3)
  8 sphinxes
  4 death cobs
  Gastronok (D:12)
  Polyphemus (Shoals:3)
  16 storm dragons
  Agnes (Lair:2)
  The ghost of stickyfingers the Bludgeoner, an adept TeEE of Hepliaklqana (Shoals:2)
  9 tengu reavers
  The ghost of Bobbing the Brawler, a journeyman TrMo of Okawaru (Depths:1)
  11 shadow dragons
  The ghost of Mitsuki the Fighter, an adept VSFi of Okawaru (Elf:3)
  4 draconian monks
  Ilsuiw (Shoals:4)
  6 ghost moths
  5 deep elf sorcerers
  A cacodemon (Abyss:4)
  10 draconian knights
  3 iron dragons
  An orc warlord (Vaults:4)
  5 fire giants
  13 frost giants
  8 draconian scorchers
  23 vault wardens
  Aizul (Shoals:2)
  6 emperor scorpions
  6 deep elf elementalists (Elf:3)
  5 draconian stormcallers
  7 spriggan defenders
  14 very ugly things
  11 ironheart preservers
  11 draconian shifters
  7 entropy weavers
  5 draconian annihilators
  6 deep elf demonologists
  A war gargoyle (Vaults:4)
  5 vampire knights
  19 green draconians
  27 stone giants
  10 black draconians
  8 spark wasps
  11 red draconians
  7 white draconians
  5 deep elf annihilators
  14 purple draconians
  11 yellow draconians
  15 ettins
  8 merfolk impalers
  7 deep elf death magi
  A jiangshi (Vaults:3)
  Snorg (Lair:3)
  7 merfolk javelineers (Shoals:4)
  Josephine (D:10)
  7 deep elf high priests
  10 yaktaur captains
  Erolcha (Orc:1)
  12 fire dragons
  29 vault guards
  A hell beast (D:8)
  7 rakshasas
  8 great orbs of eyes
  13 ice dragons
  3 spriggan air magi
  9 hydras
  An alligator snapping turtle (Shoals:4)
  13 centaur warriors
  19 ogre magi
  A catoblepas (Shoals:3)
  2 death knights
  A catoblepas (shapeshifter) (Elf:1)
  41 two-headed ogres
  30 dancing weapons
  3 merfolk avatars
  3 merfolk aquamancers (Shoals:4)
  4 death yaks
  A two-headed ogre (shapeshifter) (Vaults:5)
  A satyr (Shoals:3)
  6 tengu warriors
  10 deep troll shamans
  A vampire mage (Depths:4)
  A thrashing horror (Abyss:3)
  7 deep troll earth magi
  2 soul eaters (Zot:1)
  7 spriggans
  6 iron trolls
  4 spriggan berserkers
  Sonja (Lair:3)
  A hell knight (Depths:5)
  A fire crab (shapeshifter) (Vaults:4)
  22 deep elf knights
  A salamander mystic (Depths:5)
  4 sixfirhies
  3 shadow wraiths
  11 sea snakes
  A flayed ghost (Depths:4)
  5 skeletal warriors
  An unseen horror (shapeshifter) (Depths:1)
  7 unseen horrors
  24 deep trolls
  9 wizards
  9 glowing orange brains
  14 orc knights
  A glowing orange brain (shapeshifter) (Vaults:4)
  18 deep elf archers
  A swamp dragon (Lair:6)
  Pikel (D:7)
  A lindwurm (shapeshifter) (Depths:4)
  10 harpies
  A mana viper (shapeshifter) (Depths:2)
  An obsidian statue (Zot:5)
  9 ironbrand convokers
  7 phantasmal warriors
  14 orb spiders
  60 deep elf magi
  37 wolf spiders
  33 ugly things
  3 fauns (Shoals:1)
  13 orc sorcerers
  3 cyclopes (shapeshifter)
  A necromancer (Vaults:3)
  8 oklob plants
  20 cyclopes
  A faun (shapeshifter) (Vaults:4)
  6 large abominations
  2 salamanders (Depths:5)
  24 moths of wrath
  A water nymph (Shoals:1)
  A salamander (shapeshifter) (Vaults:3)
  4 toenail golems (Volcano)
  8 manticores
  6 black mambas
  5 elephants (Lair:4)
  A moth of wrath (shapeshifter) (Depths:3)
  An apocalypse crab (Abyss:3)
  2 torpor snails
  2 rust devils
  7 merfolk sirens
  Psyche (D:10)
  Joseph (D:7)
  3 centaur zombies
  Maurice (D:10)
  13 vault sentinels
  17 spiny frogs
  3 orange demons
  A gargoyle (D:13)
  10 komodo dragons
  4 centaur skeletons
  11 freezing wraiths
  3 rime drakes
  A rime drake (shapeshifter) (Vaults:2)
  51 yaktaurs
  10 ice devils
  17 demonic crawlers
  6 tengu conjurers
  2 efreet
  2 golden dragon simulacra (IceCv)
  29 jumping spiders
  2 meliai (shapeshifter)
  A queen bee (D:10)
  21 merfolk
  A jumping spider (shapeshifter) (Depths:2)
  3 wind drakes
  5 trolls
  2 wolf spider simulacra (IceCv)
  22 hornets
  21 blink frogs
  17 dream sheep
  4 raiju (Abyss:3)
  A hornet (shapeshifter) (Vaults:1)
  10 hippogriffs
  19 slime creatures
  6 snapping turtles
  Sigmund (D:3)
  2 air elementals (Elf:1)
  A shadow (D:11)
  52 redbacks
  18 tarantellas
  A wyvern (D:11)
  3 dire elephant simulacra (IceCv)
  A spriggan (shapeshifter) (Depths:2)
  7 water elementals
  A ynoxinul (Zot:1)
  12 small abominations
  5 wraiths
  27 yaks
  Grum (D:11)
  A fire bat (Abyss:2)
  2 golden eyes (shapeshifter)
  A steam dragon (Lair:6)
  5 basilisks
  6 hungry ghosts
  2 fire elementals
  11 vampire mosquitoes (D:14)
  A death yak simulacrum (IceCv)
  2 chaos spawn (Depths:3)
  10 wargs
  2 iron troll simulacra (IceCv)
  A soldier ant (D:15)
  Edmund (D:6)
  3 harpy simulacra (IceCv)
  3 acid dragons
  16 porcupines
  5 hydra simulacra (IceCv)
  3 swamp drakes (Lair:6)
  13 water moccasins
  35 orc warriors
  3 ice beasts
  A slave (D:7)
  4 phantoms
  5 sky beasts
  2 black bears (shapeshifter)
  2 eyes of draining (shapeshifter)
  10 boggarts
  An eye of draining (D:14)
  An ogre (shapeshifter) (Vaults:5)
  17 wolves
  31 ogres
  The ghost of Rhok the Stinger, an amateur CeVM (D:3)
  10 centaurs
  18 crocodiles
  A big kobold (D:13)
  24 bullfrogs
  A deep troll simulacrum (Vaults:2)
  An earth elemental (Elf:2)
  A wyvern zombie (D:11)
  A water moccasin skeleton (D:11)
  42 killer bees
  2 scorpions
  2 human simulacra (Vaults:1)
  13 howler monkeys
  19 wights
  7 electric eels
  6 crimson imps
  2 bullfrog zombies
  38 orc wizards
  10 hounds
  22 orc priests
  2 bullfrog skeletons (D:11)
  11 jellies
  3 iguanas
  5 hell rats (Lair:3)
  10 worker ants
  A spriggan simulacrum (IceCv)
  3 troll simulacra (IceCv)
  2 killer bee zombies
  A wolf simulacrum (IceCv)
  6 ogre zombies (D:9)
  2 centaur simulacra (IceCv)
  2 hound skeletons
  A worker ant zombie (D:5)
  Robin (D:3)
  14 gnolls
  6 adders
  A howler monkey skeleton (D:3)
  3 naga simulacra (IceCv)
  2 ogre simulacra (IceCv)
  12 river rats (Lair:3)
  6 shadow imps
  5 white imps
  7 ufetubi (IceCv)
  17 oozes
  3 worms
  4 dart slugs
  7 leopard geckos
  88 orcs
  6 giant cockroaches
  23 goblins
  10 hobgoblins
  12 jackals
  5 kobolds (D:1)
  10 quokkas
  3 ball pythons
  A bat (D:2)
  7 frilled lizards
  2 goblin skeletons (D:9)
  2 goblin zombies (D:9)
  A hobgoblin skeleton (D:9)
  2 hobgoblin zombies (D:9)
  4 orc skeletons (D:9)
  8 orc zombies (D:9)
  3 quokka skeletons
  2 quokka zombies
  21 rats
  11 bushes (Lair:1)
  A butterfly (Lair:6)
  A crawling corpse (Elf:3)
  16 fungi
  128 plants
2549 creatures vanquished.

Vanquished Creatures (others)
  A tengu reaver (Vaults:5)
  A fire giant (Vaults:5)
  Nessos (Orc:2)
  A white draconian (Zot:4)
  A wizard (Volcano)
  A moth of wrath (Zot:5)
  A toenail golem (Volcano)
  3 yaktaurs
  An orc warrior (Vaults:1)
  An ogre (Vaults:5)
  A wight (D:14)
  40 bushes (Depths:2)
  A butterfly (Lair:6)
  19 fungi
  30 plants
  25 tentacles (Shoals:4)
128 creatures vanquished.

Grand Total: 2677 creatures vanquished

Notes
Turn   | Place    | Note
-------+----------+-------------------------------------------
     0 | D:1      | Mathinus the Minotaur Fighter began the quest for the Orb.
     0 | D:1      | Reached XP level 1. HP: 19/19 MP: 0/0
    29 | D:1      | Reached XP level 2. HP: 27/27 MP: 1/1
   293 | D:1      | Reached skill level 4 in Fighting
   293 | D:1      | Reached XP level 3. HP: 29/33 MP: 2/2
   998 | D:2      | Reached XP level 4. HP: 40/40 MP: 3/3
  1326 | D:2      | Reached XP level 5. HP: 19/47 MP: 4/4
  1673 | D:3      | Noticed Rhok's ghost (amateur CeVM)
  1682 | D:3      | Killed Rhok's ghost
  1708 | D:3      | Reached skill level 5 in Axes
  1962 | D:3      | Noticed Sigmund
  1991 | D:3      | Killed Sigmund
  1991 | D:3      | Reached skill level 5 in Fighting
  1991 | D:3      | Reached skill level 5 in Armour
  1991 | D:3      | Reached skill level 5 in Shields
  1991 | D:3      | Reached XP level 6. HP: 30/56 MP: 2/5
  2081 | D:3      | Noticed Robin
  2106 | D:3      | Killed Robin
  2450 | D:4      | Reached XP level 7. HP: 55/61 MP: 6/6
  2787 | D:4      | Found a radiant altar of Vehumet.
  2833 | D:4      | Found an ornate altar of the Wu Jian Council.
  2881 | D:5      | Entered Level 5 of the Dungeon
  2989 | D:5      | Reached skill level 6 in Fighting
  3226 | D:5      | Reached XP level 8. HP: 64/70 MP: 7/7
  3583 | D:6      | Found a blossoming altar of Fedhas.
  3863 | D:6      | Reached skill level 7 in Fighting
  4105 | D:6      | Found a radiant altar of Vehumet.
  4325 | D:6      | Noticed Edmund
  4419 | D:6      | Killed Edmund
  4419 | D:6      | Reached XP level 9. HP: 71/79 MP: 8/8
  4526 | D:6      | Found a deep blue altar of Sif Muna.
  5238 | D:7      | Noticed Joseph
  5285 | D:7      | Killed Joseph
  5285 | D:7      | Reached skill level 8 in Fighting
  5285 | D:7      | Reached skill level 10 in Axes
  5669 | D:7      | Found a staircase to the Ecumenical Temple.
  5678 | Temple   | Entered the Ecumenical Temple
  5785 | Temple   | Became a worshipper of Warmaster Okawaru
  5944 | D:8      | Noticed Pikel
  5980 | D:8      | Noticed a cyan ugly thing
  5993 | D:8      | HP: 1/81 [cyan ugly thing (12)]
  5998 | D:8      | Killed a cyan ugly thing
  6423 | D:8      | Paralysed by a centaur for 3 turns
  6577 | D:7      | Killed Pikel
  6577 | D:7      | Reached * piety under Okawaru
  6577 | D:7      | Reached XP level 10. HP: 78/90 MP: 9/9
  6917 | D:8      | Reached ** piety under Okawaru
  7011 | D:8      | Reached skill level 9 in Fighting
  7334 | D:9      | Reached skill level 1 in Invocations
  7396 | D:9      | Found a glowing golden altar of the Shining One.
  7520 | D:9      | Found a staircase to the Orcish Mines.
  7766 | D:9      | Found a shattered altar of Ashenzari.
  7770 | D:9      | Saw a vision of the Shoals and the Spider Nest.
  7770 | D:9      | Noticed a wolf spider
  7770 | D:9      | Noticed a wolf spider
  7770 | D:9      | Noticed a wolf spider
  7770 | D:9      | Noticed a merfolk siren
  7771 | D:9      | Noticed a wolf spider
  8633 | D:10     | Entered Level 10 of the Dungeon
  8637 | D:10     | Noticed Psyche
  8644 | D:10     | Killed Psyche
  8650 | D:10     | Noticed a death knight
  8740 | D:10     | Noticed a four-headed hydra
  8831 | Orc:1    | Entered Level 1 of the Orcish Mines
  9017 | Orc:1    | Noticed Erolcha
  9026 | Orc:1    | Killed Erolcha
  9026 | Orc:1    | Reached *** piety under Okawaru
  9060 | Orc:1    | Found Belipi's Distillery.
  9271 | Orc:1    | Reached XP level 11. HP: 86/99 MP: 12/12
  9301 | Orc:1    | Noticed an orc knight
  9322 | Orc:1    | Killed an orc knight
  9359 | Orc:1    | Noticed an orc knight
  9389 | Orc:1    | Killed an orc knight
  9389 | Orc:1    | Reached **** piety under Okawaru
  9813 | Orc:1    | Reached skill level 10 in Fighting
  9981 | Orc:2    | Entered Level 2 of the Orcish Mines
 10034 | Orc:2    | Noticed an orc sorcerer
 10047 | Orc:2    | Paralysed by an orc sorcerer for 2 turns
 10055 | Orc:2    | Killed an orc sorcerer
 10269 | Orc:2    | Reached skill level 10 in Armour
 10278 | Orc:2    | Reached skill level 10 in Shields
 10302 | Orc:2    | Noticed an orc knight
 10341 | Orc:1    | Killed an orc knight
 10644 | Orc:2    | Noticed an orc sorcerer
 10655 | Orc:2    | Paralysed by an orc sorcerer for 6 turns
 10666 | Orc:2    | Killed an orc sorcerer
 10784 | Orc:2    | Found a staircase to the Elven Halls.
 10853 | Orc:2    | Reached ***** piety under Okawaru
 10892 | Orc:2    | Noticed an orc knight
 10929 | Orc:2    | Killed an orc knight
 11135 | Orc:2    | Noticed an ogre mage
 11153 | Orc:2    | Killed an ogre mage
 11388 | Orc:2    | Found Yhifraun's Distillery.
 11421 | Orc:2    | Noticed an orc sorcerer
 11421 | Orc:2    | Paralysed by an orc sorcerer for 3 turns
 11427 | Orc:2    | Killed an orc sorcerer
 11431 | Orc:2    | Found Helekifuwk's Distillery.
 11456 | Orc:2    | Found a radiant altar of Vehumet.
 11456 | Orc:2    | Noticed Nessos
 11457 | Orc:2    | Noticed an ogre mage
 11462 | Orc:2    | Noticed an orc sorcerer
 11478 | Orc:2    | Killed Nessos
 11489 | Orc:2    | Killed an orc sorcerer
 11489 | Orc:2    | Reached skill level 5 in Invocations
 11495 | Orc:2    | Killed an ogre mage
 11495 | Orc:2    | Reached XP level 12. HP: 46/108 MP: 14/14
 11804 | Orc:2    | Found Hiepaega's Antique Weapon Boutique.
 11842 | Orc:2    | Paralysed by an orc sorcerer for 6 turns
 11850 | Orc:2    | Received a gift from Okawaru
 12023 | Orc:2    | Found an ancient bone altar of Kikubaaqudgha.
 12249 | Orc:2    | Reached skill level 11 in Fighting
 12396 | Orc:2    | Noticed an ogre mage
 12405 | Orc:2    | Killed an ogre mage
 12423 | Orc:2    | Paralysed by an orc sorcerer for 3 turns
 12802 | Orc:2    | Found a roughly hewn altar of Beogh.
 12802 | Orc:2    | Found Lisa's Gadget Shop.
 13083 | D:10     | Got a dazzling chain mail
 13138 | D:10     | Identified the +3 chain mail of Refuge {rN+ Dex+5} (You found it on level 10 of the Dungeon)
 13179 | D:10     | Found Dyguemue's Antique Armour Shoppe.
 13217 | D:10     | Noticed Maurice
 13230 | D:10     | Killed Maurice
 13331 | D:10     | Noticed Josephine
 13347 | D:10     | Killed Josephine
 13347 | D:10     | Received a gift from Okawaru
 13630 | D:10     | Noticed a tengu warrior
 13652 | D:10     | Killed a tengu warrior
 13683 | D:10     | Found the +7 great mace "Firestarter" {inner flame, rF++}
 13835 | D:10     | Identified Jiaminyst's Tome of Confrontation
 14076 | D:11     | Found a bloodstained altar of Trog.
 14122 | D:11     | Reached skill level 15 in Axes
 14497 | D:11     | Noticed Grum
 14508 | D:11     | Killed Grum
 14817 | D:11     | Found a staircase to the Lair.
 14945 | D:11     | Noticed a two-headed ogre
 14967 | D:11     | Killed a two-headed ogre
 15634 | D:11     | Received a gift from Okawaru
 16091 | D:11     | Found Ipsaext's Magic Scroll Boutique.
 16098 | D:11     | Bought a scroll of identify for 26 gold pieces
 16170 | Lair:1   | Entered Level 1 of the Lair of Beasts
 16197 | Lair:1   | Reached XP level 13. HP: 93/117 MP: 17/17
 16814 | Lair:1   | Reached skill level 12 in Fighting
 18385 | Lair:1   | Reached skill level 1 in Maces & Flails
 19142 | Lair:2   | Found a hole to the Spider Nest.
 19430 | Lair:2   | Received a gift from Okawaru
 20819 | Lair:3   | Found the +10 morningstar "Eos" {elec, Halo rElec}
 21106 | Lair:3   | Reached skill level 5 in Maces & Flails
 21114 | Lair:3   | Reached skill level 13 in Fighting
 21455 | Lair:3   | Noticed Sonja
 21559 | Lair:3   | Noticed Snorg
 21567 | Lair:3   | Killed Snorg
 21567 | Lair:3   | Received a gift from Okawaru
 22456 | Lair:4   | Reached skill level 1 in Crossbows
 22550 | Lair:4   | Received a gift from Okawaru
 22550 | Lair:4   | Reached XP level 14. HP: 65/129 MP: 19/19
 22553 | Lair:4   | Got a slimy hand crossbow {god gift}
 22765 | Lair:4   | Lost intelligence.
 22765 | Lair:4   | Identified the +6 hand crossbow of Victory {elec, rPois rN+ Str+4 Int-5} (Okawaru gifted it to you on level 4 of the Lair of Beasts)
 23145 | Lair:4   | Found a staircase to the Shoals.
 24960 | D:12     | Found a roughly hewn altar of Beogh.
 25358 | D:12     | Found a portal to a secret trove of treasure.
 25594 | D:12     | Noticed Gastronok
 25606 | D:12     | Killed Gastronok
 25658 | D:12     | Reached skill level 14 in Fighting
 25847 | D:13     | Received a gift from Okawaru
 25850 | D:13     | Got an encrusted crystal plate armour {god gift}
 26119 | D:12     | Identified the +9 crystal plate armour of Ogri Ahohe {rCorr} (Okawaru gifted it to you on level 13 of the Dungeon)
 26390 | Lair:3   | Cast into level 2 of the Abyss (Sonja)
 26425 | Lair:3   | Escaped the Abyss
 26429 | Lair:3   | Killed Sonja
 27290 | Lair:6   | Entered Level 6 of the Lair of Beasts
 27627 | Lair:6   | Found a dark tunnel.
 27663 | Volcano  | Entered a volcano
 28459 | Lair:6   | Reached skill level 5 in Crossbows
 28978 | Lair:5   | Reached ****** piety under Okawaru
 28978 | Lair:5   | Received a gift from Okawaru
 28992 | Lair:6   | Reached skill level 15 in Fighting
 28993 | Lair:6   | Reached XP level 15. HP: 110/141 MP: 18/20
 29336 | Lair:6   | Found a runed door.
 29347 | Lair:6   | Found a viscous altar of Jiyva.
 29347 | Lair:6   | Found a staircase to the Slime Pits.
 29669 | Spider:1 | Entered Level 1 of the Spider Nest
 29673 | Spider:1 | Noticed Nikola
 29690 | Spider:1 | Killed Nikola
 29690 | Spider:1 | Reached skill level 10 in Maces & Flails
 30012 | Spider:1 | Noticed Asterion
 30307 | Spider:1 | Noticed an Executioner
 30307 | Spider:1 | Killed Asterion
 30308 | Spider:1 | Noticed Agnes
 30325 | Lair:2   | Killed Agnes
 32098 | Spider:2 | Received a gift from Okawaru
 32920 | Spider:2 | Reached skill level 16 in Fighting
 32920 | Spider:2 | Reached skill level 10 in Invocations
 33146 | Spider:2 | Killed a ghost moth
 34069 | Spider:3 | Reached XP level 16. HP: 121/152 MP: 19/22
 34368 | Spider:3 | Received a gift from Okawaru
 34628 | Spider:4 | Entered Level 4 of the Spider Nest
 35311 | Spider:4 | Reached skill level 1 in Dodging
 35454 | Spider:4 | Identified 2 scrolls of acquirement
 35876 | Spider:4 | Paralysed by a hornet for 1 turns
 35887 | Spider:4 | Received a gift from Okawaru
 36237 | Spider:4 | Reached skill level 17 in Fighting
 37139 | Spider:4 | Got a gossamer rune of Zot
 37989 | Lair:3   | Got a glittering golden ring
 38063 | Lair:3   | Identified the ring "Yningyetu" {MR- EV+1 Dex+3 SInv} (You found it on level 3 of the Lair of Beasts)
 38130 | Shoals:1 | Entered Level 1 of the Shoals
 38405 | Shoals:1 | Identified the Compendium of Scorching Ice
 38614 | Shoals:1 | Reached skill level 15 in Armour
 39129 | Shoals:2 | Noticed stickyfingers's ghost (adept TeEE)
 39159 | Shoals:2 | Killed stickyfingers's ghost
 39159 | Shoals:2 | Received a gift from Okawaru
 39264 | Shoals:2 | Noticed Aizul
 39288 | Shoals:2 | Killed Aizul
 39288 | Shoals:2 | Reached XP level 17. HP: 61/162 MP: 18/24
 39692 | Shoals:2 | Found Ziurhiwu's General Store.
 40136 | Shoals:3 | Noticed Polyphemus
 40448 | Shoals:3 | Killed Polyphemus
 40807 | Shoals:3 | Got an ichor-stained ring mail
 41094 | Shoals:4 | Entered Level 4 of the Shoals
 41136 | Shoals:4 | Noticed a kraken
 41171 | Shoals:3 | Identified the +5 ring mail "Pinidgh" {MR+++ Str+7 Int-4 Slay-4} (You found it on level 3 of the Shoals)
 41686 | Shoals:4 | Reached skill level 18 in Fighting
 41686 | Shoals:4 | Reached skill level 5 in Dodging
 42408 | Shoals:4 | Got a barnacled rune of Zot
 42442 | Shoals:4 | Noticed a kraken
 42469 | Shoals:4 | Received a gift from Okawaru
 43420 | Shoals:4 | Received a gift from Okawaru
 43429 | Shoals:4 | Noticed Ilsuiw
 43442 | Shoals:4 | Reached skill level 15 in Maces & Flails
 43448 | Shoals:4 | Killed Ilsuiw
 43918 | Shoals:4 | Cast into level 2 of the Abyss (merfolk impaler)
 43975 | Abyss:2  | Received a gift from Okawaru
 43987 | Abyss:2  | Got a scorched mace
 44002 | Shoals:4 | Escaped the Abyss
 44082 | Shoals:4 | Identified the +6 mace of Koliplu Wemi {crush, rElec rF++ MR+} (You found it on level 2 of the Abyss)
 44565 | D:13     | Found a gate to the Vaults.
 44799 | D:13     | Received a gift from Okawaru
 44803 | D:13     | Got a twisted shield {god gift}
 44830 | D:13     | Identified the +4 shield "Lolesoc" {Dex+4} (Okawaru gifted it to you on level 13 of the Dungeon)
 45202 | D:13     | Found Woytwoenn's Food Emporium.
 45540 | D:13     | Reached XP level 18. HP: 139/174 MP: 25/25
 45789 | D:13     | Got a brightly glowing morningstar
 45790 | D:13     | Identified the +9 morningstar of Outrage {freeze, rF++ MP+9 Str+2 Int-2} (You found it on level 13 of the Dungeon)
 45981 | Vaults:1 | Entered Level 1 of the Vaults
 46460 | D:14     | Reached skill level 19 in Fighting
 46534 | D:14     | Got a pair of encrusted boots
 46548 | D:14     | Identified the +2 pair of boots of Fashionability {rPois rN+ Int+3} (You found it on level 14 of the Dungeon)
 46997 | D:15     | Entered Level 15 of the Dungeon
 47072 | D:15     | Found a staircase to the Depths.
 47757 | D:15     | Found a sparkling altar of Nemelex Xobeh.
 47873 | Depths:1 | Entered Level 1 of the Depths
 48024 | Depths:1 | Noticed Bobbing's ghost (journeyman TrMo)
 48035 | Depths:1 | Killed Bobbing's ghost
 48070 | Depths:1 | Found a gateway to Hell.
 48161 | Depths:1 | Paralysed by a vampire knight for 5 turns
 48573 | Depths:1 | Received a gift from Okawaru
 48684 | Depths:1 | Paralysed by a vampire knight for 3 turns
 49217 | Depths:1 | Reached XP level 19. HP: 169/184 MP: 27/27
 49486 | Depths:2 | Cast into level 3 of the Abyss (a deep elf demonologist)
 49487 | Abyss:3  | Found a corrupted altar of Lugonu.
 49573 | Abyss:3  | Noticed a bone dragon
 49601 | Abyss:3  | Killed a bone dragon
 49601 | Abyss:3  | Reached skill level 20 in Fighting
 49612 | Abyss:3  | Paralysed by accursed screaming for 1 turns
 49617 | Abyss:3  | Paralysed by accursed screaming for 1 turns
 49623 | Abyss:3  | Paralysed by accursed screaming for 2 turns
 49682 | Depths:2 | Escaped the Abyss
 49969 | Depths:2 | Paralysed by a great orb of eyes for 4 turns
 49982 | Depths:2 | Received a gift from Okawaru
 50568 | Depths:2 | Found the +2 shield of Resistance {rF+ rC+ MR+}
 51338 | Depths:3 | Found Goata's Weapon Emporium.
 51436 | Depths:3 | Found a transporter.
 51436 | Depths:3 | Found a transporter.
 51551 | Depths:3 | Found Goikheam's Food Boutique.
 51551 | Depths:3 | Found Minubant's Antique Weapon Shop.
 51584 | Depths:3 | Noticed a lich
 51596 | Depths:3 | Killed a lich
 51709 | Depths:3 | Found a one-way gate to the infinite horrors of the Abyss.
 51727 | Depths:3 | Received a gift from Okawaru
 51822 | Depths:3 | Found a one-way gate leading to the halls of Pandemonium.
 51919 | Depths:3 | Reached XP level 20. HP: 187/195 MP: 28/28
 52052 | Depths:3 | Received a gift from Okawaru
 52089 | Depths:3 | Found a gateway to a ziggurat.
 52133 | Depths:3 | Reached skill level 21 in Fighting
 53531 | Vaults:1 | Found Ezasashra's Antique Weapon Emporium.
 53898 | Vaults:2 | Got a pair of pitted gloves
 53911 | Vaults:2 | Identified the +0 pair of gloves of Yredelemnul's Scorn {Regen+} (You acquired it on level 2 of the Vaults)
 53914 | Vaults:2 | Got a coiled iron amulet
 53916 | Vaults:2 | Identified the amulet of the Komodo Dragon {+Rage rC- MR++} (You acquired it on level 2 of the Vaults)
 54070 | Vaults:2 | Received a gift from Okawaru
 54418 | Vaults:2 | Found Gozag's Antique Weapon Shop.
 54478 | Vaults:2 | Found Gozag's Antique Weapon Boutique.
 54478 | Vaults:2 | Found an opulent altar of Gozag.
 54533 | Vaults:2 | Found Gozag's Antique Armour Boutique.
 55200 | Vaults:2 | Reached XP level 21. HP: 116/206 MP: 30/30
 55503 | Vaults:3 | Noticed Jory
 55530 | Vaults:3 | Killed Jory
 55582 | Vaults:3 | Reached skill level 22 in Fighting
 55608 | Vaults:3 | Found a staircase to the Crypt.
 55679 | Vaults:3 | Received a gift from Okawaru
 56025 | Vaults:3 | Noticed Frederick
 56038 | Vaults:3 | Killed Frederick
 56867 | Vaults:4 | Reached skill level 15 in Shields
 57396 | Vaults:4 | Received a gift from Okawaru
 57700 | Vaults:4 | Received a gift from Okawaru
 57881 | Vaults:4 | Upgraded the game from 0.21-a0-404-g291f19a to 0.21-a0-405-gf2af9a1
 58317 | Elf:1    | Entered Level 1 of the Elven Halls
 58387 | Elf:1    | Found a frozen archway.
 58424 | Elf:1    | Noticed a golden dragon
 58424 | Elf:1    | a frost giant changed into a golden dragon
 58429 | Elf:1    | a golden dragon changed into an alligator snapping turtle
 58470 | IceCv    | Entered an ice cave
 58708 | IceCv    | Got a dazzling hand crossbow
 58709 | IceCv    | Identified the cursed +0 hand crossbow of Greed {freeze, Str+4} (You found it in an ice cave)
 58817 | IceCv    | Reached XP level 22. HP: 134/217 MP: 29/32
 59000 | IceCv    | Got a crude hat
 59011 | IceCv    | Identified the +5 hat of Yqaval {rCorr} (You found it in an ice cave)
 59553 | Elf:1    | Received a gift from Okawaru
 59558 | Elf:1    | Reached skill level 23 in Fighting
 59578 | Elf:1    | Got an ancient shield
 59591 | Elf:1    | Identified the +5 shield "Raurep" {rElec rN+ Str-5 Slay+3} (You took it off a deep elf mage on level 1 of the Elven Halls)
 59641 | Elf:1    | Reached skill level 15 in Invocations
 60056 | Elf:1    | Found Foesulet's Gadget Boutique.
 60056 | Elf:1    | Found Megaf's Jewellery Shoppe.
 60057 | Elf:1    | Found Ynus's Jewellery Shoppe.
 60268 | Elf:2    | Received a gift from Okawaru
 60623 | Elf:2    | Got a pair of fine gloves
 60635 | Elf:2    | Identified the +2 pair of gloves of the Loofah {rElec rC+ Dex+2 Slay+3} (You acquired it on level 2 of the Elven Halls)
 60720 | Elf:2    | Found a runed gate.
 60720 | Elf:2    | Found a runed gate.
 60720 | Elf:2    | Found a runed gate.
 60941 | Elf:2    | Received a gift from Okawaru
 61324 | Elf:3    | Entered Level 3 of the Elven Halls
 61368 | Elf:3    | Noticed Mitsuki's ghost (adept VSFi)
 61384 | Elf:3    | Killed Mitsuki's ghost
 61568 | Elf:3    | Found Qunwypp's Armour Shoppe.
 61717 | Elf:3    | Received a gift from Okawaru
 62272 | Elf:3    | Reached skill level 24 in Fighting
 62302 | Elf:3    | Got a warped shield {god gift}
 62316 | Elf:3    | Identified the +1 shield "Elumew" {Dex+3} (Okawaru gifted it to you on level 3 of the Elven Halls)
 62381 | Elf:3    | Got a transparent copper ring
 62384 | Elf:3    | Identified the ring of the Sun {rF+ rC+ Dex+3 Stlth+} (You found it on level 3 of the Elven Halls)
 62475 | Elf:3    | Reached XP level 23. HP: 229/229 MP: 33/33
 62478 | Elf:3    | Got a warped diamond amulet
 62511 | Elf:3    | Found the +3 sling "Punk" {acid, rCorr}
 62703 | Elf:3    | Found the cursed necklace of Bloodlust {*Rage +Rage MR++ Int-3 Slay+6 *Curse}
 62717 | Elf:3    | Got a sparkling bone ring
 62748 | Elf:3    | Identified the ring of the Saviour {Ice Dex+8} (You found it on level 3 of the Elven Halls)
 62757 | Elf:3    | Found the +3 salamander hide armour {+Rage rF++}
 63079 | D:12     | Identified the amulet "Puliytea" {Reflect +Fly rElec Int+4 Dex+4 SH+2} (You took it off a deep elf mage on level 3 of the Elven Halls)
 63279 | Vaults:5 | Entered Level 5 of the Vaults
 63281 | Vaults:5 | Noticed an ancient lich
 63296 | Vaults:5 | Received a gift from Okawaru
 63297 | Vaults:5 | Killed an ancient lich
 63303 | Vaults:5 | Noticed an ancient lich
 63642 | Vaults:4 | Received a gift from Okawaru
 63693 | Vaults:5 | Killed an ancient lich
 64086 | Vaults:4 | Reached skill level 1 in Evocations
 64431 | Vaults:5 | Received a gift from Okawaru
 64453 | Vaults:4 | Got a translucent wooden ring
 64731 | Vaults:5 | Found the +6 arbalest "Damnation" {damnation}
 64792 | Vaults:5 | Received a gift from Okawaru
 64864 | Vaults:5 | Got a warped ivory ring
 64880 | Vaults:5 | Identified the ring of Coduumn {Fire MP+9 Dex+2} (You took it off a tengu reaver on level 4 of the Vaults)
 64882 | Vaults:5 | Identified the ring of Udead {*Tele rC+} (You found it on level 5 of the Vaults)
 64940 | Vaults:5 | Got a steaming bronze ring
 64957 | Vaults:5 | Identified the ring of Deedeff {rN+ MR- MP+9 Str+2 Dex+3} (You found it on level 5 of the Vaults)
 64966 | Vaults:5 | Got an ancient hand crossbow
 64967 | Vaults:5 | Identified the +1 hand crossbow of Sempiut {velocity, Str-2 Int+4} (You found it on level 5 of the Vaults)
 65028 | Vaults:5 | Received a gift from Okawaru
 65031 | Vaults:5 | Reached skill level 25 in Fighting
 65034 | Vaults:5 | Got smoking quicksilver dragon scales {god gift}
 65052 | Vaults:5 | Identified the quicksilver dragon scales of Okawaru's Castigation {-Cast rElec rPois rN+ MR+} (Okawaru gifted it to you on level 5 of the Vaults)
 65169 | Vaults:5 | Reached XP level 24. HP: 240/242 MP: 33/33
 65571 | Vaults:5 | Reached skill level 5 in Evocations
 65642 | Vaults:5 | Got a silver rune of Zot
 65686 | Vaults:5 | Got a faintly humming plate armour
 65697 | Vaults:5 | Noticed an ancient lich
 65713 | Vaults:5 | Killed an ancient lich
 65814 | Vaults:5 | Identified the Incunabulum of Ashen Arcane Weapons
 65928 | Vaults:5 | Got a wavering granite ring
 65931 | Vaults:5 | Identified the ring "Kurikhumn" {rCorr -Tele rPois Dex-4 Stlth+} (You found it on level 5 of the Vaults)
 66127 | Vaults:4 | Identified the cursed +1 plate armour of Circular Logic {rC++} (You took it off a deep elf high priest on level 5 of the Vaults)
 66304 | D:12     | You paid a toll of 14 scrolls of teleportation to enter a treasure trove
 66305 | Trove    | Entered a treasure trove
 66362 | Trove    | Got a heavily runed hat
 66376 | Trove    | Identified the +0 hat of Subjectivity {rElec Regen+ MP+9 Str-3} (You found it in a treasure trove)
 66390 | Trove    | Got a crude hat
 66399 | Trove    | Identified the +0 hat "Rimex" {rC- rN+ rCorr Int+4} (You found it in a treasure trove)
 66411 | Trove    | Got a pitted hand axe
 66415 | Trove    | Identified the +5 hand axe of Asux {chop, Dex+3} (You found it in a treasure trove)
 66437 | Trove    | Got a clouded bronze ring
 66466 | Trove    | Got a slimy sapphire amulet
 66471 | Trove    | Got a slimy ruby amulet
 66475 | Trove    | Identified the ring "Aroinwump" {Int+2 Stlth+} (You found it in a treasure trove)
 66480 | Trove    | Identified the amulet "Julisae" {RegenMP rN+} (You found it in a treasure trove)
 66482 | Trove    | Identified the amulet "Qaxediagg" {Reflect Str+4 Int-4 SH+6 Stlth+} (You found it in a treasure trove)
 66752 | Depths:4 | Found a runed door.
 66793 | Depths:4 | Received a gift from Okawaru
 66794 | Depths:4 | Found the +3 robe of Clouds {+Fly rElec}
 66799 | Depths:4 | Found a runed door.
 66854 | Depths:4 | Found a runed door.
 66884 | Depths:4 | Found a runed door.
 67991 | Depths:4 | Found a white marble altar of Elyvilon.
 68319 | Depths:5 | Entered Level 5 of the Depths
 68587 | Depths:5 | Noticed a juggernaut
 68598 | Depths:5 | Killed a juggernaut
 68598 | Depths:5 | Received a gift from Okawaru
 68707 | Depths:5 | Reached XP level 25. HP: 251/253 MP: 33/33
 68717 | Depths:5 | Found a gate to the Realm of Zot.
 69151 | Zot:1    | Entered Level 1 of the Realm of Zot
 69301 | Zot:1    | Reached skill level 26 in Fighting
 69767 | Zot:1    | Upgraded the game from 0.21-a0-405-gf2af9a1 to 0.21-a0-414-gba8bdf1
 70106 | Zot:2    | Received a gift from Okawaru
 70202 | Zot:2    | Received a gift from Okawaru
 70499 | Zot:2    | Received a gift from Okawaru
 70835 | Zot:3    | Received a gift from Okawaru
 71399 | Zot:3    | Received a gift from Okawaru
 72141 | Zot:3    | Reached skill level 10 in Dodging
 72154 | Zot:3    | Reached XP level 26. HP: 234/264 MP: 33/33
 72620 | Zot:4    | Got a pair of ancient gloves
 72672 | Zot:4    | Identified the +1 pair of gloves "Gadim" {rN+} (You acquired it on level 4 of the Realm of Zot)
 72853 | Zot:4    | Received a gift from Okawaru
 72856 | Zot:4    | Got a bloodstained hand axe {god gift}
 72857 | Zot:4    | Identified the +11 hand axe of Kyuts {chop, rF- rN+++} (Okawaru gifted it to you on level 4 of the Realm of Zot)
 73426 | Zot:5    | Entered Level 5 of the Realm of Zot
 73501 | Zot:5    | Received a gift from Okawaru
 73907 | Zot:5    | Reached skill level 27 in Fighting
 74146 | Zot:5    | Noticed an ancient lich
 74153 | Zot:5    | Killed an ancient lich
 74194 | Zot:5    | Noticed an orb of fire
 74210 | Zot:5    | Killed an orb of fire
 74229 | Zot:5    | Noticed an ancient lich
 74254 | Zot:5    | Killed an ancient lich
 74255 | Zot:5    | Received a gift from Okawaru
 74314 | Zot:5    | Noticed an ancient lich
 74321 | Zot:5    | Killed an ancient lich
 74379 | Zot:5    | Reached XP level 27. HP: 99/273 MP: 33/33
 74635 | Zot:5    | Noticed an ancient lich
 74647 | Zot:5    | Killed an ancient lich
 74670 | Zot:5    | Noticed an orb of fire
 74694 | Zot:5    | Gained mutation: You are dopey. (Int -2) [an orb of fire]
 74697 | Zot:5    | Noticed an orb of fire
 74697 | Zot:5    | Gained mutation: You tend to lose your temper in combat. [an orb of fire]
 74702 | Zot:5    | Gained mutation: You are weak. (Str -2) [an orb of fire]
 74708 | Zot:5    | Noticed an ancient lich
 74724 | Zot:5    | Killed an ancient lich
 74806 | Zot:5    | Noticed an ancient lich
 74820 | Zot:5    | Killed an ancient lich
 75105 | Zot:5    | Noticed an ancient lich
 75115 | Zot:5    | Noticed an orb of fire
 75117 | Zot:5    | Killed an ancient lich
 75118 | Zot:5    | Gained mutation: You are very dopey. (Int -4) [an orb of fire]
 75129 | Zot:5    | Gained mutation: Your spells are a little easier to cast, but a little less powerful. [an orb of fire]
 75144 | Zot:5    | Killed an orb of fire
 75632 | Zot:5    | Gained mutation: You often lose your temper in combat. [an orb of fire]
 75635 | Zot:5    | Killed an orb of fire
 75652 | Zot:5    | Gained mutation: You are clumsy. (Dex -2) [an orb of fire]
 75653 | Zot:5    | Killed an orb of fire
 75808 | Zot:5    | Received a gift from Okawaru
 76449 | Zot:5    | Got the Orb of Zot
 76457 | Zot:5    | Noticed Nareer the pandemonium lord
 76537 | Zot:4    | Killed Nareer the pandemonium lord
 76584 | Zot:2    | Noticed Tapoacam the pandemonium lord
 76651 | Zot:1    | Killed Tapoacam the pandemonium lord
 76691 | Zot:1    | Noticed Qeror the pandemonium lord
 76707 | Zot:1    | Killed Qeror the pandemonium lord
 77190 | D:6      | Noticed Mitastruoji the pandemonium lord
 77213 | D:4      | Noticed Janann the pandemonium lord
 77310 | D:$      | Escaped with the Orb!

Vault maps used:
D:1:      scummos_arrival_star, st_stairs_12
D:3:      first_bread, minmay_misc_feat_tiny, uniq_robin, uniq_sigmund
D:4:      cheibrodos_greedy_goblins, old_standard_altar, lemuel_doored_altar
D:6:      kennysheep_orc_sif_temple, fedhas_altar_1, basic_altar, uniq_edmund
D:7:      minmay_temple_entry_large_hall, uniq_joseph
D:8:      hangedman_abyss_or_decor_jellyfish_corner, uniq_pikel
D:9:      nicolae_overflow_hidden_temple, zombieorc1_lemuel,
          grunt_ashenzari_visionary
D:10:     serial_shops, kennysheep_mini_moat, grunt_tengu_nest,
          minmay_diamond_spiral, uniq_psyche, uniq_josephine, uniq_maurice
D:11:     lemuel_slime, grunt_lair_entry_orc_guard_hut, serial_shops, shop,
          basic_altar, uniq_grum
D:12:     nicolae_trove_entry_crossroad, special_room, uniq_gastronok
D:13:     giant_chief_lemuel, lightli_vaults_fourway_checkpoint, serial_shops,
          shop
D:14:     kennysheep_small_spiral, library_closet, minmay_crystal_room
D:15:     hangedman_depths_entry_civil_slaughter, basic_altar
Temple:   compressed_dpeg_circular_temple
Lair:1:   wad_woods_structure_01, beast_lair_carwin_10,
          infiniplex_staircase_pool
Lair:2:   dummy_spider_entry, serial_bayou_shore_a
Lair:3:   lemuel_ratsnest, minmay_lair_oklob_chamber, lemuel_fruit_tree,
          serial_bayou_shore_b, uniq_sonja, uniq_snorg
Lair:4:   minmay_lair_oklob_tunnel, elwin_shoals_entry_rooms, st_stairs_12
Lair:5:   beast_lair_carwin_11, lemuel_fruit_fields
Lair:6:   guppyfry_lair_end_dragon, slime_altar_2,
          nicolae_volcano_entry_hallway, lemuel_fruit_fields,
          lemuel_fruit_fields
Shoals:2: serial_shops, nicolae_shop_stone, uniq_aizul
Shoals:3: nicolae_shoals_square_sea_wall, uniq_polyphemus
Shoals:4: shoals_end_grunt_ice, shoal_ilsuiw
Spider:1: uniq_agnes, uniq_asterion, uniq_nikola
Spider:4: guppyfry_spider_rune
Orc:1:    nicolae_orc_accident_1, serial_shops, nicolae_shop_behind_doors,
          uniq_erolcha
Orc:2:    kennysheep_orc_mage_school, uniq_nessos
Elf:1:    portal_ice_cave_entry_pillars_2, kennysheep_underground_church,
          minmay_shop_grove
Elf:3:    grunt_elf_hall_diamonds, serial_shops, nicolae_shop_trees
Vaults:1: nicolae_vaults_big_angled_halls, nicolae_vaults_network_quincunx,
          nicolae_vaults_big_angled_halls, v_misc_14,
          nicolae_vaults_little_squares_3, ontoclasm_vaults_ring_large,
          ontoclasm_vaults_idyll, v_misc_14, vaults_room_grunt_arrival_ludios,
          vaults_room_fours, serial_shops, nicolae_shop_waterfront
Vaults:2: nicolae_vaults_theta, v_pattern_4, kennysheep_vaults_gozag_temple,
          dpeg_vaults_monster_box, vaults_dpeg_encased_lava, vaults_room_pool,
          nicolae_vaults_border_crossing
Vaults:3: v_alt_pattern_6, v_alt_pattern_3, grunt_vaults_twisty,
          minmay_crypt_entry_simple_box, grunt_vaults_diagonal,
          vaults_mumra_minichess_inversion, v_alt_pattern_1, v_pattern_2,
          v_alt_pattern_2, vaults_dpeg_ring, uniq_jory, uniq_frederick
Vaults:4: nicolae_vaults_little_squares_4, nicolae_vaults_shelves_hall,
          v_misc_14, v_misc_32, nicolae_vaults_network_periphery,
          ontoclasm_vaults_spin, v_misc_28, ontoclasm_vaults_ring_small,
          ontoclasm_vaults_eye, nicolae_vaults_what_the_h,
          hangedman_vaults_corner_blocks
Vaults:5: serial_shops
Depths:1: hangedman_geh_valley, patterned_corridor, grunt_ministairs_2,
          kennysheep_generic_room_13, grunt_megastairs_4
Depths:2: minmay_the_grid_octo_tiled_squarecenter_mashed, minmay_hedge_maze,
          hell_entry, minmay_staircase_statues
Depths:3: gammafunk_sealed_arena, enter_ziggurat_a, minmay_room_of_horrors,
          serial_shops, nicolae_shop_behind_doors, pan_entry,
          hangedman_tar_grid_catacomb, hex_tiny, nicolae_benzene_ring,
          infiniplex_staircase_zigzag_2, minmay_shoptagon
Depths:4: impenetrable_vault, lemuel_statue_altar, hell_entry, abyss_entry,
          minmay_item_behind_shaft, nrook_mini_vaults
Depths:5: grunt_zot_entry_tricorne, hangedman_abyss_or_decor_stagger,
          hangedman_coc_ice_floe, hangedman_decor_slide_cut
Zot:1:    nicolae_moth_party
Zot:2:    st_stairs_6
Zot:3:    kennysheep_ambush_hall
Abyss:3:  nicolae_abyss_rune_star_stuff, evilmike_abyss_exit_chaos,
          evilmike_abyss_rune_elephants_shrine
Abyss:4:  abyss_furniture_001, grunt_abyss_rune_wretched_hive
Trove:    trove_dig
IceCv:    ice_cave_caverns_03
Volcano:  volcano_bunker

Skill      XL: |  1  2  3  4  5  6  7  8  9 10 11 12 13 14 15 16 17 18 19 20 21 22 23 24 25 26 27 |
---------------+----------------------------------------------------------------------------------+-----
Axes           | 3 4 5 6 7 9 11 12 14 15 | 15.6
Armour         | 4 5 6 7 8 9 10 11 12 13 14 15 16 17 18 20 21 22 23 24 25 | 25.3
Fighting       | 4 5 6 7 8 9 10 11 13 15 16 17 18 19 20 21 22 24 25 26 27 | 27.0
Shields        | 4 5 6 7 8 9 10 11 12 13 14 15 16 18 19 20 21 22 | 22.9
Invocations    | 3 5 6 8 9 10 11 12 13 14 15 | 15.0
Maces & Flails | 6 9 12 14 15 16 18 19 20 22 23 24 | 24.0
Crossbows      | 1 5 7 |  7.6
Dodging        | 4 6 8 10 12 14 | 14.6
Evocations     | 4 6 |  6.9

Action                   |  1- 3 |  4- 6 |  7- 9 | 10-12 | 13-15 | 16-18 | 19-21 | 22-24 | 25-27 || total
-------------------------+-------+-------+-------+-------+-------+-------+-------+-------+-------++-------
Melee: War axe           |    68 |   140 |   383 |   563 |       |       |       |       |       ||  1154
       Headbutt          |    15 |    17 |    68 |   171 |   236 |   401 |   552 |   390 |   527 ||  2377
       Hand axe          |       |       |       |   121 |       |    34 |       |       |       ||   155
       Great mace        |       |       |       |    98 |   988 |   782 |       |    51 |       ||  1919
       Broad axe         |       |       |       |    40 |       |       |       |       |       ||    40
       Mace              |       |       |       |       |       |    17 |       |       |       ||    17
       Morningstar       |       |       |       |       |       |   440 |  1563 |  1124 |  1338 ||  4465
 Fire: Hand crossbow     |       |       |       |       |       |    18 |       |       |       ||    18
Throw: Javelin           |       |       |     8 |     3 |       |       |       |       |       ||    11
Invok: Heroism           |       |       |       |    18 |    24 |    32 |    19 |    16 |    22 ||   131
       Finesse           |       |       |       |       |     3 |    17 |    12 |     9 |    14 ||    55
 Abil: Evoke Invisibilit |       |       |       |       |       |       |       |     2 |       ||     2
Evoke: Wand              |       |       |       |       |       |       |       |    10 |       ||    10
  Use: Scroll            |       |     1 |     8 |     7 |    10 |    13 |     6 |    11 |     7 ||    63
       Potion            |       |     1 |     2 |     2 |     2 |     3 |       |     1 |    12 ||    23
 Stab: Invisible         |       |       |       |       |       |       |       |     1 |       ||     1
  Eat: Chunk             |       |     5 |    15 |    22 |    32 |    31 |    27 |    24 |    21 ||   177
       Royal jelly       |       |       |     1 |     1 |     8 |     9 |     2 |     2 |     1 ||    24
       Bread ration      |       |       |       |     2 |       |       |       |       |       ||     2
       Meat ration       |       |       |       |     1 |       |       |       |       |     2 ||     3
       Fruit             |       |       |       |       |    12 |       |       |     7 |     2 ||    21
Armor: Scale mail        |    27 |    43 |    90 |       |       |       |       |       |       ||   160
       Chain mail        |       |       |    43 |   206 |   152 |       |       |       |       ||   401
       Crystal plate arm |       |       |       |       |   579 |   773 |   526 |   590 |   462 ||  2930
Dodge: Dodged            |    20 |    39 |    92 |    74 |   432 |   531 |   413 |   322 |   373 ||  2296
       Deflected         |       |       |       |       |     8 |       |       |       |       ||     8
Block: Shield            |    36 |    74 |   173 |       |       |   263 |  1063 |   749 |   810 ||  3168
       Reflection        |       |       |    19 |     6 |     2 |    13 |    29 |       |       ||    69
       Large shield      |       |       |    81 |   585 |       |    19 |       |    11 |       ||   696
       Other             |       |       |       |    11 |   109 |    82 |       |       |       ||   202

Table legend:
 A = Spawn XP
 B = Non-spawn XP
 C = Spawn XP percentage of total XP
 D = Spawn monster count
 E = Non-spawn monster count
 F = Spawn count percentage of total count
 G = Total turns spent on level
                    A         B        C        D         E        F      G
               +---------+---------+-------+---------+---------+-------+---------
         Total |   10832 | 1615002 |   0.7 |      15 |    2361 |   0.6 | 77310
               +---------+---------+-------+---------+---------+-------+---------
           D:1 |       0 |      69 |   0.0 |       0 |      23 |   0.0 |   934
           D:2 |       0 |     133 |   0.0 |       0 |      29 |   0.0 |   668
           D:3 |       0 |     439 |   0.0 |       0 |      31 |   0.0 |   744
           D:4 |       0 |     269 |   0.0 |       0 |      26 |   0.0 |   641
           D:5 |       0 |     583 |   0.0 |       0 |      14 |   0.0 |   706
           D:6 |       0 |    1575 |   0.0 |       0 |      26 |   0.0 |  1300
           D:7 |       0 |    2215 |   0.0 |       0 |      34 |   0.0 |  1433
           D:8 |       0 |    1823 |   0.0 |       0 |      25 |   0.0 |   905
           D:9 |       0 |    1734 |   0.0 |       0 |      46 |   0.0 |  1798
          D:10 |       0 |    6146 |   0.0 |       0 |      49 |   0.0 |  1229
          D:11 |       0 |    5198 |   0.0 |       0 |      55 |   0.0 |  2425
          D:12 |       0 |    4826 |   0.0 |       0 |      39 |   0.0 |  1888
          D:13 |       0 |   28842 |   0.0 |       0 |      72 |   0.0 |  1861
          D:14 |       0 |   10701 |   0.0 |       0 |      41 |   0.0 |  1038
          D:15 |       0 |   17312 |   0.0 |       0 |      32 |   0.0 |   946
        Lair:1 |       0 |    6659 |   0.0 |       0 |      31 |   0.0 |  3427
        Lair:2 |       0 |    9614 |   0.0 |       0 |      31 |   0.0 |  2437
        Lair:3 |       0 |   11052 |   0.0 |       0 |      60 |   0.0 |  2089
        Lair:4 |       0 |   14305 |   0.0 |       0 |      44 |   0.0 |  2357
        Lair:5 |       0 |    8996 |   0.0 |       0 |      24 |   0.0 |  1046
        Lair:6 |       0 |   13292 |   0.0 |       0 |      55 |   0.0 |  1632
      Shoals:1 |       0 |    9789 |   0.0 |       0 |      21 |   0.0 |  1014
      Shoals:2 |       0 |    7357 |   0.0 |       0 |       9 |   0.0 |  1187
      Shoals:3 |       0 |    9750 |   0.0 |       0 |      12 |   0.0 |  1237
      Shoals:4 |       0 |   38314 |   0.0 |       0 |      52 |   0.0 |  2587
      Spider:1 |       0 |   15368 |   0.0 |       0 |      28 |   0.0 |   567
      Spider:2 |       0 |   22946 |   0.0 |       0 |      59 |   0.0 |  2234
      Spider:3 |       0 |   12994 |   0.0 |       0 |      27 |   0.0 |  1600
      Spider:4 |       0 |   40040 |   0.0 |       0 |      74 |   0.0 |  2075
         Orc:1 |       0 |    4944 |   0.0 |       0 |      38 |   0.0 |  1709
         Orc:2 |       0 |   12174 |   0.0 |       0 |      64 |   0.0 |  2559
         Elf:1 |       0 |   27162 |   0.0 |       0 |      41 |   0.0 |  1117
         Elf:2 |       0 |   38207 |   0.0 |       0 |      53 |   0.0 |  1549
         Elf:3 |       0 |   77297 |   0.0 |       0 |      75 |   0.0 |  1206
      Vaults:1 |       0 |   39442 |   0.0 |       0 |      56 |   0.0 |  1300
      Vaults:2 |       0 |   58177 |   0.0 |       0 |     101 |   0.0 |  1651
      Vaults:3 |       0 |   39694 |   0.0 |       0 |      58 |   0.0 |  1084
      Vaults:4 |       0 |   95614 |   0.0 |       0 |     130 |   0.0 |  2867
      Vaults:5 |       0 |  152973 |   0.0 |       0 |     102 |   0.0 |  1581
      Depths:1 |       0 |   59497 |   0.0 |       0 |      70 |   0.0 |  1867
      Depths:2 |       0 |   55598 |   0.0 |       0 |      56 |   0.0 |  1481
      Depths:3 |       0 |   42757 |   0.0 |       0 |      57 |   0.0 |  1571
      Depths:4 |       0 |   67346 |   0.0 |       0 |      50 |   0.0 |  1350
      Depths:5 |       0 |   68217 |   0.0 |       0 |      59 |   0.0 |   880
         Zot:1 |       0 |   34489 |   0.0 |       0 |      29 |   0.0 |  1019
         Zot:2 |       0 |   44886 |   0.0 |       0 |      23 |   0.0 |  1192
         Zot:3 |       0 |   72939 |   0.0 |       0 |      48 |   0.0 |  1291
         Zot:4 |       0 |   53810 |   0.0 |       0 |      32 |   0.0 |  1009
         Zot:5 |       0 |  252088 |   0.0 |       0 |      87 |   0.0 |  3094
       Abyss:2 |     621 |     410 |  60.2 |       2 |       2 |  50.0 |   109
       Abyss:3 |    6511 |       0 | 100.0 |       9 |       0 | 100.0 |   149
       Abyss:4 |    3700 |      59 |  98.4 |       4 |       1 |  80.0 |    57
         IceCv |       0 |   10307 |   0.0 |       0 |      51 |   0.0 |   761
       Volcano |       0 |    4574 |   0.0 |       0 |       9 |   0.0 |   467
               +---------+---------+-------+---------+---------+-------+---------
